 Dungeon Sprint DCSS version 0.30-a0-52-g86a8295270 (webtiles) character file.

Game seed: 8705824917080325762

22402 mhtbhm the Ninja (level 13, -7/105 (108) HPs)
             Began as an Octopode Brigand on Sept 7, 2022.
             Was the Champion of Dithmenos.
             Mangled by a soul eater (14 damage)
             ... summoned by an obsidian statue
             ... in the Dungeon (Sprint III: "The Ten Rune Challenge").
             The game lasted 00:09:39 (2648 turns).

mhtbhm the Ninja (Octopode Brigand)                 Turns: 2648, Time: 00:09:39

HP:   -7/105 (108)  AC:  2    Str: 10    XL:     13   Next: 0%
MP:   15/17         EV: 21    Int: 20    God:    Dithmenos [******]
Gold: 208           SH:  5    Dex: 19    Spells: 9/12 levels left

rFire   . . .      SeeInvis .    a - +0 short sword "Miyb" {vorpal, Int+7}
rCold   . . .      Faith    .    (no shield)
rNeg    . . .      Spirit   .    u - +1 hat
rPois   .          Reflect  +    A - amulet of reflection
rElec   .          Harm     .    y - ring of flight
rCorr   .          Rampage  .    B - ring of wizardry
Will    .....      NoTele   +    (no ring) Stlth #*********
                                 (no ring)
HPRegen 0.27/turn                (no ring)
MPRegen 0.15/turn                (no ring)
                                 (no ring)
                                 (no ring)

@: flying, wreathed by umbra, lightly drained
A: almost no armour, amphibious, 8 rings, camouflage 1, gelatinous body 1,
(nimble swimmer 1), tentacles, robust 1, wild magic 1
a: Renounce Religion, Shadow Step, Shadow Form


You were in the Dungeon.
You worshipped Dithmenos.
Dithmenos was exalted by your worship.
You visited 1 branch You collected 1683 gold pieces.
You spent 1475 gold pieces at shops.

Inventory:

Hand Weapons
 a - the +0 short sword "Miyb" (weapon) {vorpal, Int+7}
   (You bought it in a shop in the Dungeon)

   It inflicts extra damage upon your enemies.
   Int:       It affects your intelligence (+7).
Missiles
 b - 9 poisoned darts
 c - 8 curare-tipped darts (quivered)
 f - 5 datura-tipped darts
 j - 5 atropa-tipped darts
Armour
 u - a +1 hat (worn)
Jewellery
 y - a ring of flight (left tentacle)
 A - an amulet of reflection (around mantle)
 B - a ring of wizardry (right tentacle)
Wands
 h - a wand of iceblast (4)
Scrolls
 e - a scroll of vulnerability
 i - a scroll of blinking
 l - a scroll of poison
 n - 2 scrolls of torment
 v - a scroll of fear
 w - 2 scrolls of acquirement
Potions
 d - a potion of lignification {unknown}
 g - 2 potions of magic
 k - 2 potions of attraction {unknown}
 m - 2 potions of flight
 o - 5 potions of mutation
 p - a potion of ambrosia {unknown}
 q - a potion of might
 t - a potion of curing
 x - 3 potions of heal wounds
 z - a potion of invisibility
Miscellaneous
 r - a piece from Xom's chessboard (15/15)


   Skills:
 + Level 13.0 Fighting
 + Level 14.2 Short Blades
 + Level 14.0 Throwing
 + Level 12.2 Dodging
 O Level 27 Stealth
 + Level 5.8 Invocations
 + Level 5.5 Evocations


You had 9 spell levels left.
You knew the following spells:

 Your Spells              Type           Power      Damage    Failure   Level
a - Confusing Touch       Hex            0%         N/A       28%         3

Your spell library contained the following spells:

 Spells                   Type           Power      Damage    Failure   Level
 Sandblast                Erth           0%         2d4       11%         1
 Passwall                 Tmut/Erth      0%         N/A       16%         2
 Stone Arrow              Conj/Erth      0%         3d7       28%         3
 Yara's Violent Unravell  Hex/Tmut       0%         3d3       91%         5
 Enfeeble                 Hex            0%         N/A       100%        7


Dungeon Overview and Level Annotations

Branches:
Dungeon (1/1)

Altars:
Cheibriados
Dithmenos
Elyvilon
Fedhas
Gozag
Hepliaklqana
Kikubaaqudgha
Makhleb
Nemelex Xobeh
Okawaru
Qazlal
Ru
Sif Muna
Trog
Uskayaw
Vehumet
Wu Jian
Xom
Yredelemnul
Zin
The Shining One
Jiyva
Lugonu

Shops:
D ?:!(=?[[=(:(

Annotations:
D exclusion: obsidian statue


Innate Abilities, Weirdness & Mutations

You cannot wear most types of armour.
You are amphibious.
You can wear up to eight rings at the same time.
Your skin changes colour to match your surroundings (Stealth+).
Your rubbery body absorbs attacks. (AC +1, EV +1)
((You are camouflaged when in or above water. (Stealth+)))
You have tentacles for arms and can constrict up to eight enemies at once.
You are robust. (+10% HP)
Your spells are a little harder to cast, but a little more powerful.


Message History

You hit the obsidian statue but do no damage.
The obsidian statue is severely damaged.
Your shadow hits the obsidian statue but does no damage.
The obsidian statue's eyes glow briefly.
The obsidian statue attempts to bespell you!
You easily resist.
The soul eater hits you!!
* * * LOW HITPOINT WARNING * * *
You emit a cloud of dark smoke.
You feel much better. You block the sun demon's attack.
The soul eater draws from the surrounding life force!
* * * LOW HITPOINT WARNING * * *
You block the sun demon's attack.
You hit the obsidian statue but do no damage.
You squeeze the obsidian statue, but do no damage.
The obsidian statue is severely damaged.
You hit the obsidian statue but do no damage.
You squeeze the obsidian statue.
The obsidian statue is severely damaged.
The sun demon closely misses you. The soul eater misses you.
You hit the obsidian statue but do no damage.
The obsidian statue is severely damaged.
You hit the obsidian statue but do no damage.
The obsidian statue is severely damaged.
Your shadow hits the obsidian statue but does no damage.
You block the sun demon's attack.
The soul eater draws from the surrounding life force!
* * * LOW HITPOINT WARNING * * *
Unknown command.
You feel much better. The sun demon hits you!
* * * LOW HITPOINT WARNING * * *
You are engulfed in flames!
* * * LOW HITPOINT WARNING * * *
The obsidian statue's eyes glow briefly.
The obsidian statue attempts to bespell you!
You resist with some effort. The soul eater closely misses you.
Blink to where?
Press: ? - help, Dir - move target
As you read the scroll of blinking, it crumbles to dust.
The soul eater draws from the surrounding life force!
You die...

..S #.##### ###
### #.# #.#
######## #.#
###.∩⌠⌠∩.# #.#
###8#.∩⌠⌠∩.# #.#
###§3§#.∩∩∩∩.#
#.#+#.§§4§#.∩.∩∩.#
#.#....§§3#......#
#.#....§§@###''###
#......§§.#.♣..♣.#
#########.#......#
#.#.#.#.#........#
#................#
#................#
###+##############


You could see a soul eater (summoned), a sun demon (summoned) and an ice devil
(summoned).

Vanquished Creatures
  Rupert (D)
  Gastronok (D)
  Frances (D)
  Donald (D)
  Azrael (D)
  2 dire elephants (D)
  Snorg (D)
  2 yaktaur captains (D)
  2 hydras (D)
  A centaur warrior (D)
  Urug (D)
  A death drake (D)
  A spriggan druid (D)
  A lindwurm (D)
  A deep elf pyromancer (D)
  An orc sorcerer (D)
  4 crystal guardians (D)
  2 elephants (D)
  A black mamba (D)
  2 cane toads (D)
  2 unseen horrors (D)
  A rime drake (D)
  2 yaktaurs (D)
  A komodo dragon (D)
  2 tyrant leeches (D)
  3 wandering mushrooms (D)
  2 orc high priests (D)
  5 blink frogs (D)
  A shadow (D)
  2 spriggans (D)
  3 redbacks (D)
  A spatial vortex (D)
  2 orc warriors (D)
  A swamp drake (D)
  2 centaurs (D)
  An earth elemental (D)
  A necrophage (D)
  A water elemental (D)
  An electric eel (D)
  A jelly (D)
  3 orc priests (D)
  Jessica (D)
  A wizard (D)
  A necromancer (D)
  4 orc wizards (D)
  A kobold demonologist (D)
  3 humans (D)
  A phantom (D)
  10 orcs (D)
  2 endoplasms (D)
  A rat (D)
91 creatures vanquished.

Vanquished Creatures (others)
  3 plants (D)
3 creatures vanquished.

Grand Total: 94 creatures vanquished

Notes
Turn   | Place    | Note
-------+----------+-------------------------------------------
     0 | D        | mhtbhm the Octopode Brigand began the quest for the Orb.
     0 | D        | Reached XP level 1. HP: 14/14 MP: 1/1
    10 | D        | Reached skill level 6 in Stealth
    21 | D        | Noticed Jessica
    22 | D        | Killed Jessica
    23 | D        | Reached skill level 9 in Stealth
    23 | D        | Reached XP level 2. HP: 20/20 MP: 2/2
    23 | D        | Reached XP level 3. HP: 25/25 MP: 3/3
   115 | D        | Reached skill level 10 in Stealth
   354 | D        | Gained mutation: Your spells are a little harder to cast,
                  | but a little more powerful. [potion of mutation]
   354 | D        | Gained mutation: You are robust. (+10% HP) [potion of
                  | mutation]
   375 | D        | Noticed a water elemental
   378 | D        | Killed a water elemental
   379 | D        | Reached skill level 12 in Stealth
   379 | D        | Reached XP level 4. HP: 34/34 MP: 4/4
   391 | D        | Found a shadowy altar of Dithmenos.
   391 | D        | Noticed a necrophage
   392 | D        | Found a basalt altar of Yredelemnul.
   392 | D        | Found a sacrificial altar of Ru.
   400 | D        | Killed a necrophage
   401 | D        | Reached skill level 13 in Stealth
   401 | D        | Reached XP level 5. HP: 31/39 MP: 5/5
   414 | D        | Became a worshipper of Dithmenos the Shadowed
   595 | D        | Found a radiant altar of Vehumet.
   596 | D        | Found a shimmering blue altar of Sif Muna.
   596 | D        | Found an ancient bone altar of Kikubaaqudgha.
   598 | D        | Reached skill level 5 in Throwing
   598 | D        | Reached skill level 14 in Stealth
   600 | D        | Reached XP level 6. HP: 47/47 MP: 6/6
   610 | D        | Learned a level 3 spell: Confusing Touch
   620 | D        | Found a glowing silver altar of Zin.
   620 | D        | Found a glowing golden altar of the Shining One.
   620 | D        | Found a white marble altar of Elyvilon.
   620 | D        | Noticed a deep elf pyromancer
   627 | D        | Noticed a fire elemental
   627 | D        | Noticed a fire elemental
   627 | D        | Killed a deep elf pyromancer
   627 | D        | Reached * piety under Dithmenos
   628 | D        | Reached skill level 5 in Fighting
   628 | D        | Reached skill level 18 in Stealth
   628 | D        | Reached XP level 7. HP: 55/55 MP: 7/7
   743 | D        | Found a hide-covered altar of Uskayaw.
   743 | D        | Found an iron altar of Okawaru.
   744 | D        | Found a bloodstained altar of Trog.
   744 | D        | Found an ornate altar of the Wu Jian Council.
   744 | D        | Noticed a human
   744 | D        | Noticed a human
   746 | D        | Killed a human
   747 | D        | Killed a human
   748 | D        | Reached skill level 19 in Stealth
   748 | D        | Reached XP level 8. HP: 61/61 MP: 8/8
   764 | D        | Noticed a shadow
   766 | D        | Killed a shadow
   766 | D        | Reached ** piety under Dithmenos
   771 | D        | Reached skill level 20 in Stealth
   772 | D        | Found a blossoming altar of Fedhas.
   772 | D        | Found a stormy altar of Qazlal.
   773 | D        | Found a snail-covered altar of Cheibriados.
   773 | D        | Found a burning altar of Makhleb.
   773 | D        | Found a hazy altar of Hepliaklqana.
   773 | D        | Found a shimmering altar of Xom.
   773 | D        | Found an opulent altar of Gozag.
   773 | D        | Found a sparkling altar of Nemelex Xobeh.
   773 | D        | Found a corrupted altar of Lugonu.
   773 | D        | Found a viscous altar of Jiyva.
   834 | D        | Noticed Snorg
   836 | D        | Killed Snorg
   837 | D        | Reached skill level 22 in Stealth
   837 | D        | Reached XP level 9. HP: 68/68 MP: 9/9
   843 | D        | Reached *** piety under Dithmenos
   849 | D        | Noticed a centaur warrior
   853 | D        | Killed a centaur warrior
   854 | D        | Reached skill level 5 in Short Blades
   854 | D        | Reached skill level 5 in Dodging
   854 | D        | Reached skill level 23 in Stealth
   872 | D        | Killed an unseen horror
   872 | D        | Reached **** piety under Dithmenos
   873 | D        | Reached skill level 24 in Stealth
   877 | D        | Killed an unseen horror
   878 | D        | Reached skill level 10 in Throwing
   878 | D        | Reached XP level 10. HP: 71/75 MP: 10/10
  1014 | D        | Reached skill level 25 in Stealth
  1022 | D        | Noticed a cane toad
  1022 | D        | Noticed a cane toad
  1025 | D        | Reached ***** piety under Dithmenos
  1026 | D        | Killed a cane toad
  1027 | D        | Killed a cane toad
  1028 | D        | Reached skill level 26 in Stealth
  1051 | D        | Reached skill level 27 in Stealth
  1053 | D        | Noticed a lindwurm
  1056 | D        | Killed a lindwurm
  1056 | D        | Reached ****** piety under Dithmenos
  1261 | D        | Noticed Urug
  1263 | D        | Killed Urug
  1264 | D        | Reached XP level 11. HP: 84/84 MP: 11/11
  1649 | D        | Noticed Rupert
  1653 | D        | Killed Rupert
  1654 | D        | Reached skill level 1 in Evocations
  1674 | D        | Noticed an azure jelly
  1674 | D        | Noticed an azure jelly
  1674 | D        | Noticed an azure jelly
  1674 | D        | Noticed an azure jelly
  1675 | D        | Noticed a dire elephant
  1675 | D        | Noticed a dire elephant
  1675 | D        | Noticed Gastronok
  1677 | D        | Killed Gastronok
  1678 | D        | Killed a dire elephant
  1679 | D        | Reached skill level 10 in Fighting
  1679 | D        | Reached skill level 10 in Short Blades
  1680 | D        | Killed a dire elephant
  1686 | D        | Reached skill level 10 in Dodging
  1757 | D        | Noticed a six-headed hydra
  1757 | D        | Noticed a four-headed hydra
  1761 | D        | Killed a four-headed hydra
  1762 | D        | Reached XP level 12. HP: 82/97 MP: 3/12
  1762 | D        | Killed a six-headed hydra
  1763 | D        | Reached skill level 1 in Invocations
  1844 | D        | Noticed an anaconda
  1858 | D        | Found a blossoming altar of Fedhas.
  1964 | D        | Noticed Donald
  1964 | D        | Noticed Frances
  1966 | D        | Killed Frances
  1968 | D        | Killed Donald
  2089 | D        | Found Dizadimuq's Magic Scroll Boutique.
  2216 | D        | Bought a scroll of blinking for 90 gold pieces
  2244 | D        | Bought a scroll of fear for 48 gold pieces
  2285 | D        | Noticed a yaktaur captain
  2287 | D        | Killed a yaktaur captain
  2288 | D        | Noticed a yaktaur captain
  2299 | D        | Killed a yaktaur captain
  2300 | D        | Reached skill level 5 in Invocations
  2307 | D        | Noticed Azrael
  2309 | D        | Killed Azrael
  2361 | D        | Found Nisuc's Antique Armour Shop.
  2361 | D        | Found Qyabugh's Jewellery Boutique.
  2361 | D        | Found Bamaj's Antique Weapon Shoppe.
  2361 | D        | Found Ujamarph's Magic Scroll Boutique.
  2361 | D        | Found Zouram's Antique Armour Emporium.
  2361 | D        | Found Vuuxox's Antique Weapon Shoppe.
  2361 | D        | Found Komeg's Book Shop.
  2361 | D        | Found Osisk's Distillery.
  2361 | D        | Found Veitud's Weapon Emporium.
  2361 | D        | Found Buagiuv's Book Emporium.
  2361 | D        | Found Tourog's Jewellery Boutique.
  2400 | D        | Bought a potion of invisibility for 112 gold pieces
  2400 | D        | Bought a potion of heal wounds for 70 gold pieces
  2400 | D        | Bought a potion of heal wounds for 70 gold pieces
  2400 | D        | Bought a potion of heal wounds for 70 gold pieces
  2400 | D        | Bought a potion of flight for 42 gold pieces
  2408 | D        | Bought a fine short sword for 168 gold pieces
  2408 | D        | Identified the +0 short sword "Miyb" {vorpal, Int+7} (You
                  | bought it in a shop in the Dungeon)
  2424 | D        | Bought a ring of flight for 175 gold pieces
  2425 | D        | Bought an amulet of reflection for 300 gold pieces
  2431 | D        | Bought a ring of wizardry for 330 gold pieces
  2449 | D        | Reached skill level 5 in Evocations
  2471 | D        | Reached XP level 13. HP: 99/108 MP: 17/17
  2648 | D        | Mangled by a soul eater

Illustrated notes

Levels and vault maps discovered:
D:        dungeon_sprint_mu [sprint_mu_entry_cave, sprint_mu_temple_rooms,
          sprint_mu_d1_horrors, sprint_mu_d2_genie, sprint_mu_d3_branching,
          sprint_mu_orc_legion, sprint_mu_elf_gauntlet, sprint_mu_hive_nellie,
          sprint_mu_lair_fedhas, sprint_mu_vaults_butterflies,
          sprint_mu_slime_circle, sprint_mu_swamp_cave, sprint_mu_snake_twists,
          sprint_mu_blade_basic, sprint_mu_crypt_lich, sprint_mu_tomb_spiral,
          sprint_mu_vestibule_basic, sprint_mu_gehenna_hellfire,
          sprint_mu_dis_giant, sprint_mu_tartarus_statrot,
          sprint_mu_cocytus_islands, sprint_mu_zot1]

Skill      XL: |  1  2  3  4  5  6  7  8  9 10 11 12 |
---------------+-------------------------------------+-----
Stealth        | 9 12 13 14 18 19 22 24 27 | 27.0
Throwing       | 3 4 5 7 9 10 11 12 14 | 14.0
Fighting       | 3 5 6 8 10 13 | 13.0
Short Blades   | 3 4 5 7 11 14 | 14.2
Dodging        | 2 3 4 5 7 10 12 | 12.2
Evocations     | 2 5 |  5.5
Invocations    | 5 |  5.8

Action                   |  1- 3 |  4- 6 |  7- 9 | 10-12 | 13-15 || total
-------------------------+-------+-------+-------+-------+-------++-------
Melee: Dagger            |    17 |    14 |    19 |    94 |       ||   144
       Constrict         |     1 |     3 |       |    14 |       ||    18
       Tentacles         |     1 |     3 |     1 |    34 |     9 ||    48
       Short sword       |       |       |       |    18 |    23 ||    41
       Punch             |       |       |       |     3 |     1 ||     4
Throw: Dart              |    11 |     3 |       |     5 |       ||    19
Invok: Shadow Step       |       |       |       |     5 |       ||     5
Evoke: Wand              |       |       |       |     5 |       ||     5
       Piece from Xom's  |       |       |       |     1 |       ||     1
  Use: Potion            |     1 |     1 |     1 |     7 |     2 ||    12
       Scroll            |       |       |       |     3 |     1 ||     4
 Stab: Sleeping          |     3 |     2 |    10 |    43 |       ||    58
       Distracted        |       |       |       |     2 |       ||     2
Armor: Skin              |       |     2 |     2 |     1 |     1 ||     6
Dodge: Dodged            |     8 |     2 |     4 |    42 |     8 ||    64
Block: Other             |       |       |       |       |     3 ||     3

Table legend: (Time is in decaauts)
 A = Elapsed time spent in this place.
 B = Non-inter-level travel time spent in this place.
 C = Inter-level travel time spent in this place.
 D = Time resting spent in this place.
 E = Time spent auto-exploring this place.
 F = Levels seen in this place.
 G = Mean time per level.
                   A        B        C        D        E       F      G
               +--------+--------+--------+--------+--------+-----+--------+
         Total |   2576 |   2532 |     44 |   1404 |     15 |   1 | 2576.0 |
       Dungeon |   2576 |   2532 |     44 |   1404 |     15 |   1 | 2576.0 |
               +--------+--------+--------+--------+--------+-----+--------+

Top non-repeatable levels by time:
       D: 2576 daAuts
